| TOP OF THE 1ST |
|
Oakland (APP) Athletics batting - Pitching for Elizabethton Twins : RHP Andrew Rich
|
|
Pitching: RHP Andrew Rich
|
|
|
Batting: RHB Colin Coleman
|
0-0: Called Strike 0-1: DOUBLE (Groundball, 5L, EV 99.4 MPH)
|
|
Batting: RHB Branden Mackie
|
0-0: Foul Ball, location: 2F 0-1: Ball 1-1: Foul Ball, location: 2F 1-2: SINGLE (Groundball, 6M, EV 97.5 MPH) (infield hit) Colin Coleman to third
|
|
Batting: RHB Tetsuya Shinoda
|
0-0: Ball 1-0: SINGLE (Line Drive, 34D, EV 96.3 MPH) Colin Coleman scores Branden Mackie to second
|
|
Batting: RHB Steve Blackshear
|
0-0: Ball 1-0: Ball 2-0: Ball 3-0: Called Strike 3-1: Fly out, F6 (Flyball, 6D, EV 81.3 MPH)
|
|
Batting: RHB Josh Whaley
|
0-0: Ball 1-0: Ball 2-0: Called Strike 2-1: Swinging Strike 2-2: Ball 3-2: Fielders Choice at 2nd, 6-4 (Groundball, 6, EV 86.3 MPH) Branden Mackie to third
|
|
Batting: RHB Jon Coleman
|
0-0: Foul Ball, location: 2F 0-1: Ball 1-1: Foul Ball, location: 2F 1-2: Ground out U3 (Groundball, 23, EV 82.5 MPH)
|
| Top of the 1st over - 1 run, 3 hits, 0 errors, 2 left on base; Oakland (APP) 1 - Elizabethton 0 |
| BOTTOM OF THE 1ST |
|
Elizabethton Twins batting - Pitching for Oakland (APP) Athletics : RHP Victor Sanchez
|
|
Pitching: RHP Victor Sanchez
|
|
|
Batting: RHB Andrew Nicol
|
0-0: Called Strike 0-1: Ball 1-1: Ball 2-1: Swinging Strike 2-2: Ball 3-2: Strikes out swinging
|
|
Batting: LHB David Campbell
|
0-0: Called Strike 0-1: Foul Ball, location: 2F 0-2: Strikes out swinging
|
|
Batting: SHB Dan Morataya
|
0-0: Foul Ball, location: 2F 0-1: Ball 1-1: SOLO HOME RUN (Flyball, 9D, EV 93.8 MPH), Distance : 376 ft
|
|
Batting: RHB Nick Phipps
|
0-0: Ball 1-0: Ground out 6-3 (Groundball, 6, EV 90.0 MPH)
|
| Bottom of the 1st over - 1 run, 1 hit, 0 errors, 0 left on base; Oakland (APP) 1 - Elizabethton 1 |
| TOP OF THE 2ND |
|
Oakland (APP) Athletics batting - Pitching for Elizabethton Twins : RHP Andrew Rich
|
|
Batting: LHB Gregg Power
|
0-0: Called Strike 0-1: Ball 1-1: Ball 2-1: Called Strike 2-2: Ball 3-2: Foul Ball, location: 2F 3-2: Ground out 4-3 (Groundball, 34D, EV 101.9 MPH)
|
|
Batting: SHB George Marshall
|
0-0: Ball 1-0: Swinging Strike 1-1: Ground out U3 (Groundball, 34, EV 86.3 MPH)
|
|
Batting: RHB Tim Anderson
|
0-0: Ball 1-0: Ball 2-0: Foul Ball, location: 2F 2-1: Foul Ball, location: 2F 2-2: Ball 3-2: Strikes out looking
|
| Top of the 2nd over - 0 runs, 0 hits, 0 errors, 0 left on base; Oakland (APP) 1 - Elizabethton 1 |
| BOTTOM OF THE 2ND |
|
Elizabethton Twins batting - Pitching for Oakland (APP) Athletics : RHP Victor Sanchez
|
|
Batting: RHB Jose Gracia
|
0-0: Called Strike 0-1: Ball 1-1: Ball 2-1: Swinging Strike 2-2: Foul Ball, location: 2F 2-2: Ball 3-2: Foul Ball, location: 2F 3-2: SINGLE (Groundball, 6MD, EV 100.0 MPH)
|
|
Batting: RHB Jimmy Mayville
|
0-0: Ball Jose Gracia steals 2nd base 1-0: Foul Ball, location: 2F 1-1: Foul Ball, location: 2F 1-2: 2-RUN HOME RUN (Flyball, 7D, EV 96.3 MPH), Distance : 379 ft
|
|
Batting: RHB Alex Belton
|
0-0: Called Strike 0-1: Foul Ball, location: 2F 0-2: Ball 1-2: Strikes out swinging
|
|
Batting: LHB Jose Cotto
|
0-0: Swinging Strike 0-1: Ball 1-1: Called Strike 1-2: Ground out 4-3 (Groundball, 4D, EV 86.9 MPH)
|
|
Batting: SHB Nate Januchowski
|
0-0: Called Strike 0-1: Ball 1-1: Swinging Strike 1-2: Ball 2-2: Foul Ball, location: 2F 2-2: Ball 3-2: Strikes out looking
|
| Bottom of the 2nd over - 2 runs, 2 hits, 0 errors, 0 left on base; Oakland (APP) 1 - Elizabethton 3 |
| TOP OF THE 3RD |
|
Oakland (APP) Athletics batting - Pitching for Elizabethton Twins : RHP Andrew Rich
|
|
Batting: RHB Colin Coleman
|
0-0: Ball 1-0: Ball 2-0: Foul Ball, location: 2F 2-1: Ball 3-1: Foul Ball, location: 2F 3-2: SINGLE (Groundball, 13S, EV 62.5 MPH) (infield hit)
|
|
Batting: RHB Branden Mackie
|
0-0: Ball Colin Coleman steals 2nd base 1-0: Ball 2-0: Ball 3-0: Called Strike 3-1: Called Strike 3-2: Ground out 6-3 (Groundball, 6, EV 84.4 MPH) Colin Coleman to third
|
|
Batting: RHB Tetsuya Shinoda
|
0-0: Ball 1-0: Ball 2-0: Ball 3-0: Called Strike 3-1: Foul Ball, location: 2F 3-2: Base on Balls
|
|
Batting: RHB Steve Blackshear
|
0-0: Foul Ball, location: 2F 0-1: Swinging Strike 0-2: Foul Ball, location: 2F 0-2: Ball 1-2: Ball 2-2: Foul Ball, location: 2F 2-2: Ball 3-2: Strikes out swinging
|
|
Batting: RHB Josh Whaley
|
0-0: Called Strike 0-1: SINGLE (Groundball, 6S, EV 71.3 MPH) (infield hit) Colin Coleman scores Tetsuya Shinoda to second
|
|
Batting: RHB Jon Coleman
|
0-0: Ball 1-0: Ball 2-0: Ball 3-0: Base on Balls Tetsuya Shinoda to third Josh Whaley to second
|
|
Batting: LHB Gregg Power
|
0-0: Hit by Pitch Tetsuya Shinoda scores Josh Whaley to third Jon Coleman to second
|
|
Batting: SHB George Marshall
|
0-0: Fly out, F9 (Flyball, 9S, EV 93.1 MPH)
|
| Top of the 3rd over - 2 runs, 2 hits, 0 errors, 3 left on base; Oakland (APP) 3 - Elizabethton 3 |
| BOTTOM OF THE 3RD |
|
Elizabethton Twins batting - Pitching for Oakland (APP) Athletics : RHP Victor Sanchez
|
|
Batting: RHB Andrew Nicol
|
0-0: Ball 1-0: Called Strike 1-1: Fly out, F4 (Flyball, 4D, EV 81.9 MPH)
|
|
Batting: LHB David Campbell
|
0-0: Swinging Strike 0-1: Ground out 1-3 (Groundball, P, EV 74.4 MPH)
|
|
Batting: SHB Dan Morataya
|
0-0: Called Strike 0-1: Called Strike 0-2: Foul Ball, location: 2F 0-2: Strikes out swinging
|
| Bottom of the 3rd over - 0 runs, 0 hits, 0 errors, 0 left on base; Oakland (APP) 3 - Elizabethton 3 |
| TOP OF THE 4TH |
|
Oakland (APP) Athletics batting - Pitching for Elizabethton Twins : RHP Andrew Rich
|
|
Batting: RHB Tim Anderson
|
0-0: Ball 1-0: Ball 2-0: Ball 3-0: Base on Balls
|
|
Batting: RHB Colin Coleman
|
0-0: Foul Ball, location: 2F 0-1: Called Strike 0-2: Foul Ball, location: 2F 0-2: Ball 1-2: Ball 2-2: SINGLE (Groundball, 6MD, EV 100.0 MPH) Tim Anderson to second
|
|
Pitching: RHP Bud Puffer
|
|
|
Batting: RHB Branden Mackie
|
0-0: Swinging Strike 0-1: Foul Ball, location: 2F 0-2: Ball 1-2: TRIPLE (Flyball, 9LD, EV 102.5 MPH) Tim Anderson scores Colin Coleman scores
|
|
Batting: RHB Tetsuya Shinoda
|
0-0: Ball 1-0: Ball 2-0: Foul Ball, location: 2F 2-1: Ball 3-1: SINGLE (Groundball, 34D, EV 104.4 MPH) Branden Mackie scores
|
|
Batting: RHB Steve Blackshear
|
0-0: Foul Ball, location: 2F 0-1: Foul Ball, location: 2F 0-2: Ball 1-2: Ball 2-2: SINGLE (Groundball, 6S, EV 64.4 MPH) (infield hit) Tetsuya Shinoda to second
|
|
Batting: RHB Josh Whaley
|
0-0: Foul Ball, location: 2F 0-1: 3-RUN HOME RUN (Line Drive, 78XD, EV 115.6 MPH), Distance : 449 ft
|
|
Pitching: RHP Jon Hice
|
|
|
Batting: RHB Jon Coleman
|
0-0: Foul Ball, location: 2F 0-1: SINGLE (Line Drive, 9S, EV 96.3 MPH)
|
|
Batting: LHB Gregg Power
|
0-0: Called Strike 0-1: Foul Ball, location: 2F 0-2: Ball 1-2: 2-RUN HOME RUN (Flyball, 89XD, EV 105.0 MPH), Distance : 402 ft
|
|
Batting: SHB George Marshall
|
0-0: SINGLE (Flyball, 56D, EV 94.4 MPH)
|
|
Batting: RHB Tim Anderson
|
0-0: Foul Ball, location: 2F 0-1: SINGLE (Groundball, 4MD, EV 102.5 MPH) George Marshall to second
|
|
Batting: RHB Colin Coleman
|
0-0: Ball 1-0: Ball 2-0: Grounds into double play, 6-4-3 (Groundball, 6, EV 106.9 MPH) George Marshall to third
|
|
Batting: RHB Branden Mackie
|
0-0: Ball 1-0: Ball 2-0: Ball 3-0: Called Strike 3-1: Base on Balls
|
|
Batting: RHB Tetsuya Shinoda
|
0-0: Called Strike 0-1: Fly out, F8 (Flyball, 8RD, EV 103.1 MPH)
|
| Top of the 4th over - 8 runs, 9 hits, 0 errors, 2 left on base; Oakland (APP) 11 - Elizabethton 3 |
| BOTTOM OF THE 4TH |
|
Elizabethton Twins batting - Pitching for Oakland (APP) Athletics : RHP Victor Sanchez
|
|
Batting: RHB Nick Phipps
|
0-0: Foul Ball, location: 2F 0-1: Ball 1-1: Foul Ball, location: 2F 1-2: Ground out U3 (Groundball, 23, EV 85.0 MPH)
|
|
Batting: RHB Jose Gracia
|
0-0: Ball 1-0: Called Strike 1-1: Foul Ball, location: 2F 1-2: Strikes out swinging
|
|
Batting: RHB Jimmy Mayville
|
0-0: Called Strike 0-1: Called Strike 0-2: Ball 1-2: Ball 2-2: Ball 3-2: Strikes out swinging
|
| Bottom of the 4th over - 0 runs, 0 hits, 0 errors, 0 left on base; Oakland (APP) 11 - Elizabethton 3 |
| TOP OF THE 5TH |
|
Oakland (APP) Athletics batting - Pitching for Elizabethton Twins : RHP Jon Hice
|
|
Batting: RHB Steve Blackshear
|
0-0: Ball 1-0: Ball 2-0: Ball 3-0: Base on Balls
|
|
Batting: RHB Josh Whaley
|
0-0: Foul Ball, location: 2F 0-1: Ball 1-1: Ball 2-1: Foul Ball, location: 2F 2-2: Ball 3-2: Foul Ball, location: 2F 3-2: Base on Balls Steve Blackshear to second
|
|
Batting: RHB Jon Coleman
|
0-0: DOUBLE (Line Drive, 9LM, EV 105.6 MPH) Steve Blackshear scores Josh Whaley to third
|
|
Batting: LHB Gregg Power
|
0-0: Ball 1-0: Swinging Strike 1-1: Ball 2-1: Ball 3-1: Foul Ball, location: 2F 3-2: Base on Balls
|
|
Batting: SHB George Marshall
|
0-0: Called Strike 0-1: Swinging Strike 0-2: Fielders Choice at 2nd, 6-4 (Groundball, 56, EV 105.0 MPH) Josh Whaley scores Jon Coleman to third
|
|
Pitching: RHP Jorge Corte
|
|
|
Batting: RHB Tim Anderson
|
0-0: Ball 1-0: Ball 2-0: Ball 3-0: Base on Balls George Marshall to second
|
|
Batting: RHB Colin Coleman
|
0-0: Ball 1-0: SINGLE (Groundball, 6MD, EV 108.1 MPH) Jon Coleman scores George Marshall to third Tim Anderson to second Runner from 3rd tries for Home, SAFE, throw by CF to home
|
|
Batting: RHB Branden Mackie
|
0-0: Ball 1-0: Foul Ball, location: 2F 1-1: Ball 2-1: Fielders Choice at 2nd, 6-4 (Groundball, 56, EV 78.8 MPH) Tim Anderson to third
|
|
Batting: RHB Tetsuya Shinoda
|
0-0: Called Strike 0-1: Ball 1-1: Ball 2-1: Called Strike 2-2: Hit by Pitch Branden Mackie to second
|
|
Batting: RHB Steve Blackshear
|
0-0: Called Strike 0-1: Ball 1-1: Foul Ball, location: 2F 1-2: Ball 2-2: Foul Ball, location: 2F 2-2: Foul Ball, location: 2F 2-2: Ball 3-2: DOUBLE (Line Drive, 3D, EV 97.5 MPH) Tim Anderson scores Branden Mackie scores Tetsuya Shinoda to third Tetsuya Shinoda scores
|
|
Batting: RHB Josh Whaley
|
0-0: DOUBLE (Flyball, 8LXD, EV 109.4 MPH) Steve Blackshear scores
|
|
Pitching: RHP Ewan Wijker
|
|
|
Batting: RHB Jon Coleman
|
0-0: Called Strike 0-1: Foul Ball, location: 2F 0-2: Ball 1-2: Ball 2-2: SINGLE (Line Drive, 89S, EV 113.1 MPH) Josh Whaley to third
|
|
Batting: LHB Gregg Power
|
0-0: Called Strike 0-1: Ball 1-1: Called Strike 1-2: Foul Ball, location: 2F 1-2: Ball 2-2: Ball 3-2: Foul Ball, location: 2F 3-2: Base on Balls Jon Coleman to second
|
|
Batting: SHB George Marshall
|
0-0: Foul Ball, location: 2F 0-1: Ball 1-1: SINGLE (Line Drive, 3D, EV 95.0 MPH) Josh Whaley scores Jon Coleman to third Gregg Power to second
|
|
Batting: RHB Tim Anderson
|
0-0: Called Strike 0-1: Ball 1-1: Called Strike 1-2: SINGLE (Groundball, 34S, EV 70.6 MPH) (infield hit) Jon Coleman scores Gregg Power to third George Marshall to second
|
|
Batting: RHB Colin Coleman
|
0-0: Ball Balk! Gregg Power scores George Marshall to third Tim Anderson to second 1-0: Ball Wild Pitch! George Marshall scores Tim Anderson to third 2-0: Ball 3-0: Base on Balls
|
|
Batting: RHB Branden Mackie
|
0-0: Called Strike 0-1: Ball 1-1: Called Strike 1-2: Ball 2-2: Foul Ball, location: 2F 2-2: Ball Pickoff Throw to First - Error! E1 Tim Anderson scores Colin Coleman to second 3-2: 2-RUN HOME RUN (Flyball, 7LD, EV 95.0 MPH), Distance : 349 ft
|
|
Pitching: RHP Matthew Dodson
|
|
|
Batting: RHB Tetsuya Shinoda
|
0-0: DOUBLE (Line Drive, 9LS, EV 96.9 MPH)
|
|
Batting: RHB Steve Blackshear
|
0-0: Ball 1-0: Ball 2-0: Called Strike 2-1: Ball 3-1: Base on Balls
|
|
Batting: RHB Josh Whaley
|
0-0: Ball 1-0: Called Strike 1-1: Ball 2-1: Fly out, F7 (Flyball, 7LM, EV 89.4 MPH)
|
| Top of the 5th over - 15 runs, 9 hits, 1 error, 2 left on base; Oakland (APP) 26 - Elizabethton 3 |
| BOTTOM OF THE 5TH |
|
Elizabethton Twins batting - Pitching for Oakland (APP) Athletics : RHP Victor Sanchez
|
|
Batting: RHB Alex Belton
|
0-0: Foul Ball, location: 2F 0-1: Foul Ball, location: 2F 0-2: SINGLE (Groundball, 4MD, EV 97.5 MPH)
|
|
Batting: LHB Jose Cotto
|
0-0: Fly out, F9 (Flyball, 89S, EV 86.9 MPH)
|
|
Batting: SHB Nate Januchowski
|
0-0: Ball Alex Belton steals 2nd base (no throw) 1-0: Ball Alex Belton steals 3rd base 2-0: Ball 3-0: Base on Balls
|
|
Batting: RHB Andrew Nicol
|
0-0: Ball Nate Januchowski steals 2nd base (no throw) 1-0: Called Strike 1-1: SINGLE (Flyball, 34D, EV 98.1 MPH) Alex Belton scores Nate Januchowski to third
|
|
Batting: LHB David Campbell
|
0-0: Ball Andrew Nicol steals 2nd base 1-0: Ground out U3 (Groundball, 3S, EV 90.6 MPH)
|
|
Batting: SHB Dan Morataya
|
0-0: Called Strike 0-1: Ball 1-1: Ball 2-1: Foul Ball, location: 2F 2-2: Ball 3-2: Strikes out swinging
|
| Bottom of the 5th over - 1 run, 2 hits, 0 errors, 2 left on base; Oakland (APP) 26 - Elizabethton 4 |
| TOP OF THE 6TH |
|
Oakland (APP) Athletics batting - Pitching for Elizabethton Twins : RHP Matthew Dodson
|
|
Batting: RHB Jon Coleman
|
0-0: Foul Ball, location: 2F 0-1: Ball 1-1: Foul Ball, location: 2F 1-2: Strikes out swinging
|
|
Batting: LHB Gregg Power
|
0-0: Swinging Strike 0-1: Ball 1-1: Swinging Strike 1-2: Ball 2-2: Ground out 3-1 (Groundball, 34S, EV 87.5 MPH)
|
|
Batting: SHB George Marshall
|
0-0: Ball 1-0: Fly out, F8 (Line Drive, 8RM, EV 99.4 MPH)
|
| Top of the 6th over - 0 runs, 0 hits, 0 errors, 0 left on base; Oakland (APP) 26 - Elizabethton 4 |
| BOTTOM OF THE 6TH |
|
Elizabethton Twins batting - Pitching for Oakland (APP) Athletics : RHP Victor Sanchez
|
|
Batting: RHB Nick Phipps
|
0-0: Ball 1-0: Ball 2-0: SINGLE (Groundball, 6S, EV 70.0 MPH) (infield hit)
|
|
Batting: RHB Jose Gracia
|
0-0: Ball Nick Phipps steals 2nd, throwing error, E2 Nick Phipps to third 1-0: Ball 2-0: Ball 3-0: Base on Balls
|
|
Batting: RHB Jimmy Mayville
|
0-0: Called Strike Jose Gracia steals 2nd base (no throw) 0-1: Ball 1-1: Ball 2-1: Foul Ball, location: 2F 2-2: Strikes out looking
|
|
Batting: RHB Alex Belton
|
0-0: Ball 1-0: SINGLE (Line Drive, 89S, EV 110.6 MPH) Nick Phipps scores Jose Gracia to third
|
|
Batting: LHB Jose Cotto
|
0-0: Ball Alex Belton steals 2nd base (no throw) 1-0: Ground out 4-3 (Groundball, 4, EV 81.9 MPH) Jose Gracia scores Alex Belton to third
|
|
Pitching: RHP Nick Cunningham
|
|
|
Batting: SHB Nate Januchowski
|
0-0: Ball 1-0: Ball 2-0: Ball 3-0: Base on Balls
|
|
Batting: RHB Andrew Nicol
|
0-0: Ball 1-0: Foul Ball, location: 2F 1-1: 3-RUN HOME RUN (Flyball, 7D, EV 98.1 MPH), Distance : 379 ft
|
|
Batting: LHB David Campbell
|
0-0: Called Strike 0-1: Ball 1-1: Ball 2-1: Called Strike 2-2: Fly out, F3 (Popup, 34, EV 73.8 MPH)
|
| Bottom of the 6th over - 5 runs, 3 hits, 1 error, 0 left on base; Oakland (APP) 26 - Elizabethton 9 |
| TOP OF THE 7TH |
|
Oakland (APP) Athletics batting - Pitching for Elizabethton Twins : RHP Matthew Dodson
|
|
Batting: RHB Tim Anderson
|
0-0: Ball 1-0: Foul Ball, location: 2F 1-1: Foul Ball, location: 2F 1-2: Strikes out looking
|
|
Batting: RHB Colin Coleman
|
0-0: DOUBLE (Line Drive, 89XD, EV 106.3 MPH)
|
|
Batting: RHB Branden Mackie
|
0-0: Ball 1-0: Called Strike 1-1: Ball 2-1: Ground out 5-3 (Groundball, 5, EV 87.5 MPH)
|
|
Pinch Hitting: LHB Roscoe Romaine
|
0-0: Called Strike 0-1: Fly out, F8 (Flyball, 8RM, EV 93.8 MPH)
|
| Top of the 7th over - 0 runs, 1 hit, 0 errors, 1 left on base; Oakland (APP) 26 - Elizabethton 9 |
| BOTTOM OF THE 7TH |
|
Elizabethton Twins batting - Pitching for Oakland (APP) Athletics : RHP Nick Cunningham
|
|
Now at 1B: Roscoe Romaine
|
|
|
Batting: SHB Dan Morataya
|
0-0: Called Strike 0-1: Foul Ball, location: 2F 0-2: Ball 1-2: Ball 2-2: Strikes out swinging
|
|
Batting: RHB Nick Phipps
|
0-0: Swinging Strike 0-1: Foul Ball, location: 2F 0-2: Ball 1-2: Strikes out swinging
|
|
Batting: RHB Jose Gracia
|
0-0: Ball 1-0: Foul Ball, location: 2F 1-1: Swinging Strike 1-2: Strikes out swinging
|
| Bottom of the 7th over - 0 runs, 0 hits, 0 errors, 0 left on base; Oakland (APP) 26 - Elizabethton 9 |
| TOP OF THE 8TH |
|
Oakland (APP) Athletics batting - Pitching for Elizabethton Twins : RHP Matthew Dodson
|
|
Batting: RHB Steve Blackshear
|
0-0: Ball 1-0: Hit by Pitch
|
|
Batting: RHB Josh Whaley
|
0-0: Ball 1-0: Ball 2-0: Ball 3-0: Base on Balls Steve Blackshear to second
|
|
Batting: RHB Jon Coleman
|
0-0: Ball 1-0: Ball 2-0: Foul Ball, location: 2F 2-1: Ball 3-1: Swinging Strike 3-2: Strikes out looking Josh Whaley is caught stealing 2nd base 2-4 Steve Blackshear steals 3rd base Batter strikes out.
|
|
Pitching: RHP John Giffin
|
|
|
Batting: LHB Gregg Power
|
0-0: Ball 1-0: Called Strike 1-1: Ball 2-1: Called Strike 2-2: Fly out, F7 (Flyball, 7D, EV 106.9 MPH)
|
| Top of the 8th over - 0 runs, 0 hits, 0 errors, 1 left on base; Oakland (APP) 26 - Elizabethton 9 |
| BOTTOM OF THE 8TH |
|
Elizabethton Twins batting - Pitching for Oakland (APP) Athletics : RHP Nick Cunningham
|
|
Pinch Hitting: LHB Noah Davies
|
0-0: Called Strike 0-1: Ball 1-1: Swinging Strike 1-2: Ball 2-2: Strikes out looking
|
|
Batting: RHB Alex Belton
|
0-0: Foul Ball, location: 2F 0-1: Ball 1-1: Ground out 6-3 (Groundball, 6, EV 85.0 MPH)
|
|
Batting: LHB Jose Cotto
|
0-0: Ball 1-0: Foul Ball, location: 2F 1-1: Ball 2-1: Ball 3-1: Foul Ball, location: 2F 3-2: SOLO HOME RUN (Flyball, 78XD, EV 95.6 MPH), Distance : 389 ft
|
|
Batting: SHB Nate Januchowski
|
0-0: Ball 1-0: Ball 2-0: Called Strike 2-1: Foul Ball, location: 2F 2-2: Strikes out swinging
|
| Bottom of the 8th over - 1 run, 1 hit, 0 errors, 0 left on base; Oakland (APP) 26 - Elizabethton 10 |
| TOP OF THE 9TH |
|
Oakland (APP) Athletics batting - Pitching for Elizabethton Twins : RHP John Giffin
|
|
Now at 1B: Diego Gutierres
|
|
|
Batting: SHB George Marshall
|
0-0: Ball 1-0: Foul Ball, location: 2F 1-1: Ball 2-1: Ball 3-1: Base on Balls
|
|
Batting: RHB Tim Anderson
|
0-0: DOUBLE (Line Drive, 9LM, EV 98.8 MPH) George Marshall to third
|
|
Batting: RHB Colin Coleman
|
0-0: Fly out, F8 (Line Drive, 8RD, EV 88.8 MPH) Runner from 3rd tags up, SCORES, throw by CF
|
|
Batting: RHB Branden Mackie
|
0-0: Called Strike 0-1: Fly out, F8 (Flyball, 8RXD, EV 97.5 MPH) Runner from 2nd tags up, SAFE at 3rd, no throw by CF
|
|
Batting: LHB Roscoe Romaine
|
0-0: Ball 1-0: Foul Ball, location: 2F 1-1: Ball 2-1: Foul Ball, location: 2F 2-2: Ball Wild Pitch! Tim Anderson scores 3-2: Ground out 4-3 (Groundball, 4M, EV 94.4 MPH)
|
| Top of the 9th over - 2 runs, 1 hit, 0 errors, 0 left on base; Oakland (APP) 28 - Elizabethton 10 |
| BOTTOM OF THE 9TH |
|
Elizabethton Twins batting - Pitching for Oakland (APP) Athletics : RHP Nick Cunningham
|
|
Pitching: LHP David Arnold
|
|
|
Batting: RHB Andrew Nicol
|
0-0: Called Strike 0-1: Ball 1-1: Ball 2-1: Foul Ball, location: 2F 2-2: Ball 3-2: SINGLE (Groundball, 56S, EV 72.5 MPH) (infield hit)
|
|
Batting: LHB David Campbell
|
0-0: Ball 1-0: Ball 2-0: Foul Ball, location: 2F 2-1: Ball 3-1: Foul Ball, location: 2F 3-2: DOUBLE (Line Drive, 89D, EV 108.8 MPH) Andrew Nicol to third Andrew Nicol scores
|
|
Pinch Hitting: RHB Aaron Dusch
|
0-0: Foul Ball, location: 2F 0-1: Called Strike 0-2: Foul Ball, location: 2F 0-2: Ground out 1-3 (Groundball, 34S, EV 60.6 MPH) David Campbell to third
|
|
Batting: RHB Nick Phipps
|
0-0: Ball 1-0: Ball 2-0: Ball 3-0: Base on Balls
|
|
Batting: RHB Jose Gracia
|
0-0: Ball 1-0: DOUBLE (Line Drive, 9LS, EV 96.3 MPH) David Campbell scores Nick Phipps to third
|
|
Pinch Hitting: RHB Rick Kendall
|
0-0: Foul Ball, location: 2F 0-1: Ball 1-1: Ball 2-1: Ball 3-1: Base on Balls
|
|
Batting: RHB Alex Belton
|
0-0: Ball 1-0: Called Strike 1-1: Called Strike 1-2: Ball 2-2: Ball 3-2: Strikes out swinging
|
|
Batting: LHB Jose Cotto
|
0-0: Ball 1-0: Ball 2-0: Called Strike 2-1: Swinging Strike 2-2: Strikes out looking
|
| Bottom of the 9th over - 2 runs, 3 hits, 0 errors, 3 left on base; Oakland (APP) 28 - Elizabethton 12 |
|